 Dungeon Crawl Stone Soup version 0.24-a0-415-g6d73c25c48 (webtiles) character file.

Game seed: 10871177120538461936

355 Elric the Slasher (level 6, -5/56 HPs)
             Began as a Minotaur Berserker on June 8, 2019.
             Was a Believer of Trog.
             Slain by a gnoll
             ... wielding a +0 spear
              (10 damage)
             ... on level 3 of the Dungeon.
             The game lasted 00:03:45 (2327 turns).

Elric the Slasher (Minotaur Berserker)              Turns: 2327, Time: 00:03:46

Health: -5/56      AC:  2    Str: 22    XL:     6   Next: 36%
Magic:  5/5        EV: 12    Int:  4    God:    Trog [**....]
Gold:   148        SH:  4    Dex: 11    Spells: 5/5 levels left

rFire    . . .     SeeInvis .   a - +0 falchion
rCold    . . .     Gourm    .   g - +0 buckler (curse)
rNeg     . . .     Faith    .   b - +0 animal skin
rPois    .         Spirit   .   (helmet restricted)
rElec    .         Reflect  .   (no cloak)
rCorr    .         Harm     .   (no gloves)
MR       .....                  (no boots)
Stlth    +.........             (no amulet)
HPRegen  0.18/turn              (no ring)
MPRegen  0.09/turn              (no ring)

@: berserk cooldown, slowed, very slow
A: retaliatory headbutt, horns 2
a: Berserk, Trog's Hand, Renounce Religion


You were on level 3 of the Dungeon.
You worshipped Trog.
Trog was pleased with you.
You were very hungry.

You visited 1 branch of the dungeon, and saw 3 of its levels.

You collected 148 gold pieces.

Inventory:

Hand Weapons
 a - a +0 falchion (weapon)
Armour
 b - a +0 animal skin (worn)
 g - a cursed +0 buckler (worn)
Jewellery
 m - an uncursed amulet of the gourmand {unknown}
 p - a cursed ring of teleportation {unknown}
 q - an uncursed amulet of regeneration {unknown}
Scrolls
 e - 2 scrolls of teleportation {unknown}
 i - 2 scrolls of enchant weapon {unknown}
 j - 3 scrolls of remove curse {unknown}
 l - a scroll of blinking {unknown}
 o - a scroll of identify {unknown}
Potions
 d - 2 potions of brilliance {unknown}
 f - a potion of heal wounds
 h - a potion of agility {unknown}
 k - 2 potions of mutation {unknown}
 n - a potion of curing {unknown}
Comestibles
 c - 6 rations
 r - 2 chunks of flesh


   Skills:
 + Level 5.0 Fighting
 * Level 7.5 Long Blades
 - Level 2.4 Armour
 - Level 2.1 Dodging
 * Level 2.1 Shields


You had 5 spell levels left.
You didn't know any spells.
Your spell library was empty.

Dungeon Overview and Level Annotations

Branches:
Dungeon (3/15)

Altars:


Innate Abilities, Weirdness & Mutations

You reflexively headbutt those who attack you in melee.
You have a pair of horns on your head.


Message History

The gnoll hits you from afar with a +0 spear.
* * * LOW HITPOINT WARNING * * *
You block the gnoll's attack.
You feel much better.
The gnoll hits you from afar with a +0 spear.
The gnoll hits you from afar with a +0 spear!
* * * LOW HITPOINT WARNING * * *
The gnoll splashes around in the water.
The gnoll hits you from afar with a +0 spear.
* * * LOW HITPOINT WARNING * * *
The gnoll hits you from afar with a +0 spear.
* * * LOW HITPOINT WARNING * * *
The gnoll hits you from afar with a +0 spear.
* * * LOW HITPOINT WARNING * * *
Your skin stops crawling.
You feel less resistant to hostile enchantments.
The gnoll throws a throwing net.
The throwing net closely misses you. You block the gnoll's attack.
The gnoll hits you from afar with a +0 spear!
You die...

#....# #....#
##########''''########
......................
≈≈≈≈≈≈≈≈≈≈....≈≈≈≈≈≈≈≈
≈≈≈≈≈≈≈≈≈gg...≈≈≈≈≈≈≈≈
≈≈≈≈≈≈≈≈≈gg...≈≈≈≈≈≈≈≈
......................
########.÷#@...##.######
#........##.###.....#
#.....÷)###.# .....# . .
#.......##..# .....#
.....#...........#
.....#
................##
.....# ..............###
.....# ......#..##...#
##.....# .............##
#..


You could see 4 gnolls.

Vanquished Creatures
  2 ogres (D:3)
  An orc wizard (D:2)
  A gnoll shaman (D:3)
  2 adders (D:2)
  6 gnolls (D:3)
  A worm (D:2)
  3 dart slugs
  2 leopard geckos
  2 orcs (D:2)
  2 ball pythons
  3 bats
  4 goblins
  9 hobgoblins
  4 jackals (D:3)
  2 quokkas (D:2)
  4 frilled lizards
  6 kobolds
  7 rats
61 creatures vanquished.

Notes
Turn   | Place    | Note
-------+----------+-------------------------------------------
     0 | D:1      | Elric the Minotaur Berserker began the quest for the Orb.
     0 | D:1      | Reached XP level 1. HP: 19/19 MP: 0/0
   197 | D:1      | Reached skill level 4 in Long Blades
   356 | D:1      | Reached XP level 2. HP: 23/27 MP: 1/1
  1152 | D:2      | Reached XP level 3. HP: 26/33 MP: 2/2
  1189 | D:2      | Reached ** piety under Trog
  1191 | D:2      | Reached skill level 5 in Long Blades
  1395 | D:2      | Reached XP level 4. HP: 19/40 MP: 3/3
  1976 | D:3      | Noticed an ogre
  1985 | D:3      | Reached skill level 1 in Shields
  1986 | D:3      | Killed an ogre
  1986 | D:3      | Reached skill level 6 in Long Blades
  1986 | D:3      | Reached XP level 5. HP: 47/47 MP: 4/4
  2300 | D:3      | Noticed an ogre
  2307 | D:3      | Reached skill level 7 in Long Blades
  2314 | D:3      | Killed an ogre
  2314 | D:3      | Reached XP level 6. HP: 21/55 MP: 5/5
  2317 | D:3      | Reached skill level 5 in Fighting
  2327 | D:3      | Slain by a gnoll

Levels and vault maps discovered:
D:1:      dpeg_arrival_water_fire, layout_loops_corners
D:2:      layout_loops_ring, minmay_tromino_v2
D:3:      lemuel_castle_with_subvaults [lemuel_castle_interior_carwin_2],
          layout_rooms, zin_scriptorium, first_ration, uniq_terence

Skill      XL: |  1  2  3  4  5  6 |
---------------+-------------------+-----
Long Blades    | 4 5 6 7 |  7.5
Fighting       | 4 5 |  5.0
Shields        | 1 2 |  2.1
Armour         | |  2.4
Dodging        | |  2.1

Action                   |  1- 3 |  4- 6 || total
-------------------------+-------+-------++-------
Melee: Falchion          |    58 |    70 ||   128
       Headbutt          |    10 |    13 ||    23
Invok: Berserk           |       |     2 ||     2
       Trog's Hand       |       |     1 ||     1
  Use: Potion            |       |     2 ||     2
 Stab: Sleeping          |     1 |       ||     1
  Eat: Chunk             |       |     5 ||     5
Armor: Animal skin       |     1 |    15 ||    16
Dodge: Dodged            |    34 |    58 ||    92
Block: Buckler           |     1 |    11 ||    12
       Rpst.: Falchion   |     9 |    12 ||    21

Table legend:
 A = Non-vault XP
 B = Vault XP
 C = Vault XP percentage of total XP
 D = Non-vault monster count
 E = Vault monster count
 F = Vault count percentage of total count
                 A         B        C        D         E       F
            +---------+---------+-------+---------+---------+-------
      Total |     260 |     248 |  48.8 |      47 |      14 |  23.0
            +---------+---------+-------+---------+---------+-------
        D:1 |      23 |       0 |   0.0 |      11 |       0 |   0.0
        D:2 |     107 |       2 |   1.8 |      22 |       2 |   8.3
        D:3 |     130 |     246 |  65.4 |      14 |      12 |  46.2
            +---------+---------+-------+---------+---------+-------
